 Dungeon Crawl Stone Soup version 0.29-a0-474-gdfe5cd140f (webtiles) character file.

Game seed: 8814301097860020660

267288 croobank the Warrior (level 20, -11/191 HPs)
             Began as a Hill Orc Fighter on May 23, 2022.
             Was a High Priest of Beogh.
             Killed from afar by an ironbound thunderhulk (64 damage)
             ... with a bolt of lightning
             ... on level 2 of the Vaults on May 24, 2022.
             The game lasted 05:19:53 (43332 turns).

croobank the Warrior (Hill Orc Fighter)            Turns: 43332, Time: 05:19:53

Health: -11/191    AC: 40    Str: 25    XL:     20   Next: 12%
Magic:  27/33      EV:  5    Int:  3    God:    Beogh [*****.]
Gold:   2987       SH: 20    Dex: 15    Spells: 19/19 levels left

rFire   + . .      SeeInvis +   a - +6 demon trident (freeze)
rCold   . . .      Faith    .   c - +0 tower shield
rNeg    + . .      Spirit   .   Z - +4 crystal plate armour
rPois   +          Reflect  .   k - +2 hat
rElec   .          Harm     .   z - +2 ratskin cloak {*Rats rPois rN+ Str-1 Int-1 Dex+1}
rCorr   .          Rampage  .   v - +2 pair of gloves
Will    ++...      Clarity  +   d - +0 pair of boots
Stlth   ..........              j - amulet of regeneration
HPRegen 1.21/turn               U - ring of willpower
MPRegen 0.23/turn               G - ring of the Final Chapter {rF+ SInv}

@: studying Long Blades
A: walk on water, clarity, dopey 2, strong 1
}: 2/15 runes: serpentine, barnacled
a: Renounce Religion, Smiting, Recall Orcish Followers, Give Item to Named
Follower


You were on level 2 of the Vaults.
You worshipped Beogh.
Beogh was extremely pleased with you.
You visited 7 branches of the dungeon, and saw 35 of its levels.
You visited the Abyss 1 time.
You visited 1 bazaar.
You also visited: Sewer and Ice Cave.

You collected 3930 gold pieces.
You spent 943 gold pieces at shops.

Inventory:

Hand Weapons
 a - a +6 demon trident of freezing (weapon)
 b - a +6 hunting sling of flaming
 g - the +9 dagger "Ukamanou" {drain, rC++}
   (You found it on level 3 of the Shoals)

   A truly terrible weapon, it drains the life of any living foe it strikes.
   rC:        It greatly protects you from cold.
 r - a +0 broad axe
 w - the +7 trident of Slow Death {freeze, rPois}
   (You found it on level 6 of the Lair of Beasts)

   It freezes those it strikes, dealing additional cold damage.
   It can also slow down cold-blooded creatures.
   rPois:     It protects you from poison.
 y - a +4 executioner's axe of flaming
 S - the +7 spear of the Desert {flame, rC+ Str+3}
   (You found it on level 10 of the Dungeon)

   It burns those it strikes, dealing additional fire damage.
   Str:       It affects your strength (+3).
   rC:        It protects you from cold.
Missiles
 T - 21 curare-tipped darts (quivered)
Armour
 c - a +0 tower shield (worn)
 d - a +0 pair of boots (worn)
 k - a +2 hat (worn)
 v - a +2 pair of gloves (worn)
 z - the +2 ratskin cloak (worn) {*Rats rPois rN+ Str-1 Int-1 Dex+1}
   (You found it on level 4 of the Dungeon)

   When the wearer is hurt, rats may emerge from it to assist them.
   Str:       It affects your strength (-1).
   Int:       It affects your intelligence (-1).
   Dex:       It affects your dexterity (+1).
   rPois:     It protects you from poison.
   rN:        It protects you from negative energy.
 B - a +2 leather armour of resistance
 Z - a +4 crystal plate armour (worn)
Jewellery
 j - an amulet of regeneration (around neck)
 C - a +4 ring of protection
 G - the ring of the Final Chapter (right hand) {rF+ SInv}
   (You bought it in a shop on level 2 of the Orcish Mines)

   [ring of protection from fire]

   rF:        It protects you from fire.
   SInv:      It lets you see invisible.
 H - a ring of positive energy
 J - a ring of fire
 L - a ring of resist corrosion
 Q - a +4 ring of evasion
 R - a ring of ice
 U - a ring of willpower (left hand)
 X - a ring of poison resistance
 Y - a ring of flight
Wands
 l - a wand of flame (82)
 p - a wand of acid (6)
 E - a wand of paralysis (23)
 F - a wand of polymorph (25)
 I - a wand of iceblast (21)
 P - a wand of digging (6)
Scrolls
 e - 2 scrolls of blinking
 h - a scroll of magic mapping
 i - a scroll of silence
 q - 7 scrolls of summoning
 t - 8 scrolls of fear
 D - 15 scrolls of immolation
 K - 18 scrolls of teleportation
Potions
 f - 8 potions of flight
 m - 5 potions of invisibility
 n - 4 potions of resistance
 o - 8 potions of mutation
 s - a potion of haste
 u - 4 potions of lignification
 x - 17 potions of curing
 N - 4 potions of ambrosia
 V - 4 potions of berserk rage
 W - 4 potions of attraction
Miscellaneous
 M - a condenser vane


   Skills:
 + Level 19.0 Fighting
 - Level 11.9 Short Blades
 - Level 14.1(16.9) Axes
 + Level 13.1(15.0) Polearms
 + Level 17.5 Armour
 + Level 17.5 Shields
 * Level 18.2 Invocations


You had 19 spell levels left.
You didn't know any spells.
Your spell library contained the following spells:

 Spells                   Type           Power      Damage    Failure   Level
 Apportation              Tloc           0%         N/A       100%        1
 Beastly Appendage        Tmut           0%         N/A       100%        1
 Foxfire                  Conj/Fire      0%         2x1d4     100%        1
 Freeze                   Ice            0%         1d3       100%        1
 Shock                    Conj/Air       0%         1d3       100%        1
 Sting                    Tmut/Pois      0%         1d3       100%        1
 Poisonous Vapours        Pois/Air       0%         N/A       100%        2
 Sublimation of Blood     Necr           0%         N/A       100%        2
 Wereblood                Tmut           0%         N/A       100%        2
 Call Canine Familiar     Summ           0%         N/A       100%        3
 Confusing Touch          Hex            0%         N/A       100%        3
 Conjure Flame            Conj/Fire      0%         6-21      100%        3
 Dazzling Flash           Conj/Hex       0%         N/A       100%        3
 Frozen Ramparts          Ice            0%         1d2       100%        3
 Ignite Poison            Fire/Tmut/Pois 0%         N/A       100%        3
 Inner Flame              Hex/Fire       0%         N/A       100%        3
 Ozocubu's Armour         Ice            0%         N/A       100%        3
 Portal Projectile        Hex/Tloc       0%         N/A       100%        3
 Spider Form              Tmut/Pois      0%         N/A       100%        3
 Tukima's Dance           Hex            0%         N/A       100%        3
 Airstrike                Air            0%         N/A       100%        4
 Flame Wave               Conj/Fire      0%         2d4       100%        4
 Hailstorm                Conj/Ice       0%         3d3       100%        4
 Iskenderun's Mystic Bla  Conj/Tloc      0%         2d3       100%        4
 Leda's Liquefaction      Hex/Erth       0%         N/A       100%        4
 Olgreb's Toxic Radiance  Pois           0%         N/A       100%        4
 Petrify                  Tmut/Erth      0%         N/A       100%        4
 Sticky Flame             Conj/Fire      0%         2d3       100%        4
 Summon Lightning Spire   Summ/Air       0%         N/A       100%        4
 Agony                    Necr           0%         N/A       100%        5
 Alistair's Intoxication  Tmut/Pois      0%         N/A       100%        5
 Blade Hands              Tmut           0%         N/A       100%        5
 Fireball                 Conj/Fire      0%         3d3       100%        5
 Iskenderun's Battlesphe  Conj           0%         2d6       100%        5
 Lightning Bolt           Conj/Air       0%         1d11      100%        5
 Metabolic Englaciation   Hex/Ice        0%         N/A       100%        5
 Silence                  Hex/Air        0%         N/A       100%        5
 Summon Forest            Summ/Tloc      0%         N/A       100%        5
 Summon Mana Viper        Hex/Summ       0%         N/A       100%        5
 Yara's Violent Unravell  Hex/Tmut       0%         3d3       100%        5
 Conjure Ball Lightning   Conj/Air       0%         3x3d6     100%        6
 Dispersal                Tloc           0%         N/A       100%        6
 Iron Shot                Conj/Erth      0%         9d1       100%        6
 Simulacrum               Ice/Necr       0%         N/A       100%        6
 Statue Form              Tmut/Erth      0%         N/A       100%        6
 Summon Cactus Giant      Summ           0%         N/A       100%        6
 Enfeeble                 Hex            0%         N/A       100%        7
 Orb of Destruction       Conj           0%         9d5       100%        7
 Spellforged Servitor     Conj/Summ      0%         N/A       100%        7
 Storm Form               Tmut/Air       0%         N/A       100%        7
 Summon Hydra             Summ           0%         N/A       100%        7
 Disjunction              Tloc           0%         N/A       100%        8
 Lehudib's Crystal Spear  Conj/Erth      0%         10d2      100%        8
 Maxwell's Capacitive Co  Air            0%         ∞         100%        8


Dungeon Overview and Level Annotations

Branches:
Dungeon (15/15)            Temple (0/1) D:6            Lair (6/6) D:8
 Shoals (4/4) Lair:2        Snake (4/4) Lair:4        Slime (0/5) Lair:5
    Orc (2/2) D:12            Elf (2/3) Orc:2        Vaults (2/5) D:14
 Depths (0/4) D:15          Sewer (visited)           IceCv (visited)
  Crypt: Vaults:2-3

Altars:
Cheibriados
Elyvilon
Kikubaaqudgha
Makhleb
Okawaru
Uskayaw
Vehumet
Xom
Yredelemnul
Beogh
Jiyva

Shops:
D:2 =   D:7 :   D:11 :   D:12 [   Orc:1 [   Orc:2 ([(=   Elf:2 =   Shoals:1 [
Vaults:2 (

Annotations:
D:12 2 runed translucent doors, pigah's ghost, adept OpAE
Snake:1 3 runed translucent doors, Bacito's ghost, adept DECj
Snake:4 2 transporters, Keedach's ghost, journeyman DsBe


Innate Abilities, Weirdness & Mutations

You can walk on water.
You possess an exceptional clarity of mind.
You are very dopey. (Int -4)
Your muscles are strong. (Str +2)


Message History

The torpor snail changes into a sea snake!
Your orc warrior is no longer moving slowly.
The dire elephant tramples your orc!!
Your orc holds its ground!
Your orc dies!
The yaktaur captain wields a +0 arbalest.
The yaktaur captain shoots a bolt.
The bolt hits your orc warrior!!
Your orc warrior barely misses the yaktaur captain.
Your orc warrior barely misses the sea snake.
The sea snake changes into a death drake!
Your orc warrior hits the yaktaur captain with a +0 war axe!
Your orc warrior hits the death drake with a +0 war axe.
The yaktaur captain unwields a +0 arbalest.
The yaktaur captain hits your orc warrior.
Marbork roars a battlecry!
Your orcs go into a battle-frenzy!
Your orc warrior hits the dire elephant with a +0 war axe!
Your orc warrior hits the yaktaur captain with a +0 war axe!
The yaktaur captain hits your orc warrior!!
Your orc warrior dies!
The dire elephant trumpets!
The yaktaur captain hits your orc!
Your orc dies!
The ironbound thunderhulk hits your orc wizard with a +4 dire flail.
The dire elephant tramples your orc wizard!
Your orc wizard stumbles backwards!
Reach: a) +6 demon trident (freeze)
Press: ? - help, Dir - move target, f - dire elephant, p - yaktaur captain
Aim: a dire elephant (lightly wounded, about 7% to evade your +6 demon trident of freezing)
You reach to attack!
You hit the dire elephant. You freeze the dire elephant.
The dire elephant is lightly wounded.
Your orc wizard hits the dire elephant but does no damage.
You are too injured to fight recklessly!
Reach: a) +6 demon trident (freeze)
Press: ? - help, Dir - move target, f/p - dire elephant
Aim: a dire elephant (lightly wounded, about 7% to evade your +6 demon trident of freezing)
You hit the dire elephant but do no damage.
The dire elephant is lightly wounded.
Electricity crackles from the ironbound thunderhulk's apparatus.
The bolt of lightning hits you!!!
You die...

#.......#.....# #..
#.#####.#.....# #..
#.#≈§§#.#.....########## #..
#.#≈≈§#.#.....#..#!....( #..
#.#####.#.....#..#...... #..
#.......#.....#.o#O..... #..
####'######..[#[ock..... #..
.'........#..['[Y#...... #..
.#........#..)#)@#...... #..
.#........#...#..# ....! #..
.#........#...#### #### #..
.#........#...# #..
.#........#...# #..
.####'#####...# #..
..............# #..
..............#################..
.................................


You could see a dire elephant, an ironbound thunderhulk (ally target), a yaktaur
captain (ally target), a death drake shaped shifter, the friendly Marbork the
orc warlord and a friendly orc wizard (strong).

Vanquished Creatures
  Saint Roka (Vaults:2)
  A titan (Shoals:1)
  3 nagarajas
  A frost giant (Shoals:4)
  An orc warlord (D:14)
  Aizul (Shoals:1)
  3 vault wardens
  Louise (Elf:1)
  7 ironbound preservers
  2 ironbound thunderhulks
  A deep elf annihilator (Elf:1)
  6 dire elephants
  Snorg (Orc:2)
  2 blizzard demons (IceCv)
  Josephine (D:12)
  A deep elf death mage (Elf:1)
  2 yaktaur captains
  4 merfolk javelineers (Shoals:4)
  4 merfolk impalers
  3 hydras
  2 salamander tyrants
  3 vault guards
  A caustic shrike simulacrum (IceCv)
  2 boulder beetles
  2 merfolk avatars
  Erica (D:10)
  2 satyrs (Shoals:3)
  5 two-headed ogres
  A merfolk aquamancer (Shoals:1)
  3 naga warriors (Snake:3)
  7 anacondas
  2 centaur warriors
  An ogre mage (D:15)
  8 dancing weapons
  5 death yaks
  An orc high priest (Orc:2)
  5 shock serpents
  3 deep elf knights
  4 naga sharpshooters (Snake:3)
  Lodul (D:11)
  5 salamander mystics
  3 skeletal warriors (D:13)
  7 sea snakes
  15 deep trolls
  A large abomination (Abyss:3)
  3 naga ritualists
  3 deep elf archers
  A bog body (IceCv)
  6 spriggan simulacra (IceCv)
  5 lindwurms
  An obsidian statue (IceCv)
  4 ironbound convokers
  A wizard (D:14)
  6 deep elf zephyrmancers
  A necromancer (D:15)
  4 harpies
  4 ugly things
  10 deep elf pyromancers
  2 mana vipers
  6 cyclopes
  10 salamanders
  A salamander (shapeshifter) (Elf:1)
  7 fauns
  A worldbinder (Abyss:3)
  5 manticores
  2 guardian serpents
  4 elephants (Lair:5)
  Joseph (D:10)
  11 naga magi
  4 merfolk sirens
  20 black mambas
  3 vault sentinels
  6 water nymphs
  9 cane toads
  12 komodo dragons
  3 unseen horrors (D:10)
  A freezing wraith (Abyss:3)
  An efreet (D:14)
  8 yaktaurs
  7 rime drakes
  2 anaconda simulacra (IceCv)
  5 ice devils (IceCv)
  4 trolls
  5 entropy weaver simulacra (IceCv)
  2 wind drakes
  21 merfolk
  A meliai (D:14)
  23 blink frogs
  3 polar bears
  9 slime creatures
  7 dream sheep
  A jumping spider (shapeshifter) (D:15)
  5 snapping turtles
  7 water elementals
  4 air elementals
  3 wraiths
  4 dire elephant simulacra (IceCv)
  34 yaks
  A vampire (D:11)
  3 wyverns
  A fire elemental (Elf:1)
  2 steam dragons
  Grum (D:10)
  6 basilisks
  8 minotaur simulacra (IceCv)
  Eustachio (D:4)
  A redback simulacrum (D:15)
  A vampire mosquito (D:14)
  19 nagas
  A warg (Orc:2)
  A harpy simulacrum (IceCv)
  24 water moccasins
  A hydra simulacrum (IceCv)
  4 orc warriors
  A black bear (D:5)
  2 ice beasts
  A sky beast (D:7)
  12 ogres
  3 centaurs
  15 wolves
  4 phantoms
  4 lemures (D:5)
  7 kobold brigands
  22 bullfrogs
  A necrophage (D:6)
  2 scorpions
  9 deep troll simulacra (IceCv)
  4 wights
  5 killer bees (D:9)
  A lindwurm simulacrum (IceCv)
  3 electric eels (Lair:6)
  5 howler monkeys
  4 hounds
  3 jellies
  A gnoll shaman (D:5)
  2 orc priests
  10 iguanas
  5 orc wizards
  A hell rat (D:8)
  Terence (D:3)
  4 gnolls
  25 adders
  A river rat (Sewer)
  A shadow imp (Abyss:3)
  2 white imps
  8 worms
  3 dart slugs
  15 orcs
  7 bats
  8 endoplasms
  6 giant cockroaches
  8 goblins
  8 hobgoblins
  4 jackals (D:3)
  31 kobolds
  9 quokkas
  10 ball pythons
  3 frilled lizards
  9 rats
  2 tentacles (Shoals:2)
816 creatures vanquished.

Vanquished Creatures (collateral kills)
  2 krakens (Shoals:2)
  4 nagarajas
  A frost giant (Shoals:1)
  An orc warlord (Orc:2)
  4 vault wardens
  5 ironbound thunderhulks
  6 dire elephants
  An ettin (D:15)
  8 merfolk impalers
  4 yaktaur captains
  A deep elf high priest (Vaults:2)
  9 vault guards
  5 salamander tyrants
  2 caustic shrike simulacra (IceCv)
  A hydra (D:14)
  3 boulder beetles
  2 ironbound frosthearts (Vaults:1)
  2 merfolk avatars
  2 two-headed ogres
  A merfolk aquamancer (Shoals:2)
  5 centaur warriors
  An anaconda (Snake:3)
  A satyr (Shoals:3)
  A death yak (D:8)
  19 dancing weapons
  5 naga warriors
  An alligator snapping turtle (Shoals:3)
  9 naga sharpshooters
  2 tengu warriors
  An orc high priest (Orc:2)
  5 shock serpents
  5 skeletal warriors
  8 salamander mystics
  7 deep elf knights
  9 slime creatures
  4 naga ritualists
  6 deep elf archers
  A necromancer (Vaults:1)
  3 ironbound convokers
  8 deep trolls
  9 sea snakes
  5 orc knights
  8 harpies
  Pikel (D:6)
  12 deep elf zephyrmancers
  2 lindwurms (Vaults:1)
  2 wizards
  20 deep elf pyromancers
  An orc sorcerer (Orc:2)
  10 fauns
  9 manticores
  A tengu skeleton (Vaults:1)
  5 mana vipers
  2 cyclopes
  A shining eye (shapeshifter) (Elf:1)
  14 ugly things
  12 orc warriors
  Maurice (D:11)
  17 salamanders
  4 merfolk sirens
  7 naga magi
  A fire giant skeleton (Vaults:1)
  4 vault sentinels
  An elf zombie (Vaults:1)
  An elephant (Lair:6)
  23 black mambas
  2 torpor snails (Lair:6)
  2 gargoyles (D:13)
  4 water nymphs
  A cane toad (Lair:4)
  An ice devil (IceCv)
  11 yaktaurs
  2 komodo dragons (Lair:6)
  A rime drake (Lair:6)
  3 freezing wraiths
  8 orc wizards
  14 merfolk
  3 trolls
  6 wind drakes
  7 blink frogs
  7 dream sheep
  An ettin zombie (Vaults:1)
  6 snapping turtles
  2 air elementals
  5 wraiths
  A hog (shapeshifter) (D:15)
  16 water elementals
  A wyvern (Lair:6)
  4 yaks
  2 fire elementals
  A neqoxec (Vaults:1)
  An elf simulacrum (Vaults:1)
  28 nagas
  8 water moccasins
  3 wargs
  A black bear (Lair:4)
  A centaur (D:7)
  6 ogres
  3 wolves
  A deep troll simulacrum (IceCv)
  An electric eel (Lair:6)
  A jelly (D:5)
  A gnoll shaman (D:8)
  3 orc priests
  A hell rat (D:8)
  2 gnolls (D:8)
  12 adders
  A river rat (D:8)
  17 orcs
  A quokka (D:8)
  A tentacle (Shoals:2)
542 creatures vanquished.

Vanquished Creatures (others)
  4 orc warlords
  7 orc knights
  An orc high priest (Lair:6)
  2 orc sorcerers
  A deep elf knight (Elf:1)
  2 black mambas
  A swamp drake (Lair:5)
  23 orc warriors
  A phantom (D:5)
  17 orc priests
  16 orc wizards
  2 adders
  55 orcs
  23 fungi
  169 plants
  13 tentacles (Shoals:2)
337 creatures vanquished.

Grand Total: 1695 creatures vanquished

Notes
Turn   | Place    | Note
-------+----------+-------------------------------------------
     0 | D:1      | croobank the Hill Orc Fighter began the quest for the Orb.
     0 | D:1      | Reached XP level 1. HP: 19/19 MP: 1/1
    35 | D:1      | Reached XP level 2. HP: 23/27 MP: 2/2
   354 | D:1      | Reached skill level 4 in Fighting
   367 | D:1      | Reached XP level 3. HP: 33/33 MP: 3/3
  1056 | D:2      | Found Gettyap's Jewellery Shop.
  1224 | D:2      | Reached XP level 4. HP: 39/40 MP: 4/4
  1625 | D:3      | Found a glowing drain.
  1636 | Sewer    | Entered a sewer
  1831 | Sewer    | Reached XP level 5. HP: 36/47 MP: 5/5
  1938 | Sewer    | Noticed a kobold brigand
  1959 | Sewer    | HP: 2/47 [poisoned by a kobold brigand]
  1979 | Sewer    | Killed a kobold brigand
  2041 | Sewer    | Noticed a kobold brigand
  2076 | Sewer    | Killed a kobold brigand
  2077 | Sewer    | Reached skill level 5 in Fighting
  2077 | Sewer    | Reached XP level 6. HP: 49/56 MP: 6/6
  2174 | Sewer    | Reached skill level 5 in Axes
  2470 | D:3      | Found a faded altar of an unknown god.
  2547 | D:3      | Noticed Terence
  2558 | D:3      | Killed Terence
  2559 | D:3      | Reached skill level 5 in Shields
  2565 | D:3      | Reached skill level 5 in Armour
  2565 | D:3      | Reached XP level 7. HP: 45/61 MP: 7/7
  3519 | D:4      | Found the +2 ratskin cloak {*Rats rPois rN+ Str-1 Int-1
                  | Dex+1}
  3656 | D:4      | Noticed Eustachio
  3667 | D:4      | Killed Eustachio
  3684 | D:4      | Found a white marble altar of Elyvilon.
  3739 | D:4      | Reached skill level 6 in Fighting
  4237 | D:5      | Entered Level 5 of the Dungeon
  4238 | D:5      | Became a worshipper of Beogh the Brigand
  4285 | D:5      | Reached XP level 8. HP: 49/71 MP: 8/8
  4522 | D:5      | Noticed a two-headed ogre
  4586 | D:6      | Reached skill level 7 in Fighting
  4602 | D:6      | Found a staircase to the Ecumenical Temple.
  4612 | D:6      | Noticed Pikel
  4754 | D:5      | Reached XP level 9. HP: 79/79 MP: 9/9
  4770 | D:6      | Killed Pikel
  5128 | D:6      | Reached * piety under Beogh
  5167 | D:6      | Reached XP level 10. HP: 86/86 MP: 10/10
  5900 | D:7      | Found Jumnuf's Book Emporium.
  6477 | D:8      | Reached ** piety under Beogh
  6535 | D:8      | Reached skill level 8 in Fighting
  6662 | D:8      | Noticed a death yak
  6664 | D:8      | Noticed a death yak
  6666 | D:8      | Found a staircase to the Lair.
  6666 | D:8      | Noticed a death yak
  6688 | D:8      | Killed a death yak
  6717 | D:8      | Killed a death yak
  6728 | D:8      | Killed a death yak
  7001 | D:8      | Reached XP level 11. HP: 95/95 MP: 11/11
  7574 | D:9      | Reached *** piety under Beogh
  7968 | D:6      | Killed a two-headed ogre
  7969 | D:6      | Reached skill level 9 in Fighting
  8372 | Lair:1   | Entered Level 1 of the Lair of Beasts
  8745 | Lair:1   | Reached skill level 10 in Axes
  9208 | Lair:1   | Reached skill level 10 in Fighting
  9497 | Lair:1   | Found a basalt altar of Yredelemnul.
 10056 | Lair:1   | Gained mutation: You passively dampen the noise of your
                  | surroundings. [potion of mutation]
 10056 | Lair:1   | Gained mutation: Your natural rate of healing is unusually
                  | fast. [potion of mutation]
 10164 | Lair:1   | Reached XP level 12. HP: 38/106 MP: 12/12
 10293 | Lair:2   | Noticed a boulder beetle
 10335 | Lair:2   | Reached **** piety under Beogh
 10418 | Lair:2   | Reached skill level 10 in Shields
 10427 | Lair:2   | Reached skill level 10 in Armour
 10491 | Lair:2   | Reached skill level 11 in Fighting
 10589 | Lair:2   | Noticed a seven-headed hydra
 10602 | Lair:2   | Killed a seven-headed hydra
 11063 | Lair:2   | Found a staircase to the Shoals.
 11230 | Lair:3   | Killed a boulder beetle
 11637 | Lair:3   | Reached XP level 13. HP: 117/117 MP: 13/13
 12267 | Lair:4   | Found a staircase to the Snake Pit.
 12390 | Lair:4   | Reached skill level 12 in Fighting
 12652 | Lair:4   | Reached skill level 1 in Invocations
 12722 | Lair:4   | Reached ***** piety under Beogh
 13025 | Lair:5   | Gained Nordag as an ally
 13034 | Lair:5   | Gained Rocco as an ally
 13042 | Lair:5   | Your ally Rocco died
 13060 | Lair:5   | Your ally Nordag died
 13189 | Lair:5   | Found a viscous altar of Jiyva.
 13189 | Lair:5   | Found a staircase to the Slime Pits.
 13947 | Lair:6   | Entered Level 6 of the Lair of Beasts
 14165 | Lair:6   | Reached skill level 5 in Invocations
 14319 | Lair:6   | Reached XP level 14. HP: 123/127 MP: 17/17
 14322 | Lair:6   | Reached skill level 13 in Fighting
 14709 | Lair:6   | Reached ****** piety under Beogh
 14950 | Lair:6   | Identified the +7 trident of Slow Death {freeze, rPois}
 15151 | Lair:6   | Reached skill level 1 in Polearms
 15773 | D:10     | Entered Level 10 of the Dungeon
 15952 | D:10     | Identified the +7 spear of the Desert {flame, rC+ Str+3}
 16146 | D:10     | Noticed Joseph
 16160 | D:10     | Killed Joseph
 16202 | D:10     | Noticed Grum
 16221 | D:10     | Killed Grum
 16291 | D:10     | Found a roughly hewn altar of Beogh.
 16291 | D:10     | Gained Jorge as an ally
 16345 | D:10     | Noticed Erica
 16354 | D:10     | Killed Erica
 16573 | D:11     | Noticed Lodul
 16599 | D:11     | Killed Lodul
 16699 | D:11     | Noticed Maurice
 16703 | D:11     | Killed Maurice
 16706 | D:11     | Found Plog's Book Shoppe.
 16781 | D:11     | Found a snail-covered altar of Cheibriados.
 16862 | D:11     | Gained Okrist as an ally
 17461 | D:12     | Found a staircase to the Orcish Mines.
 17615 | D:12     | Noticed Josephine
 17623 | D:12     | Killed Josephine
 17824 | D:12     | Found a runed translucent door.
 17830 | D:12     | Noticed a tengu reaver
 17832 | D:12     | Noticed a lich
 17946 | D:12     | Found a runed translucent door.
 17952 | D:12     | Noticed pigah's ghost (adept OpAE)
 18185 | D:13     | Your ally Okrist died
 18244 | D:13     | HP: 6/130 [very large slime creature (48)]
 18247 | D:13     | Reached skill level 14 in Fighting
 18369 | D:13     | Your ally Jorge died
 18497 | D:13     | Reached XP level 15. HP: 138/138 MP: 21/21
 18535 | D:13     | You fall into a shaft and drop 1 floor!
 18535 | D:14     | Found an iron altar of Okawaru.
 19158 | Orc:1    | Entered Level 1 of the Orcish Mines
 19158 | Orc:1    | Found Rous's Antique Armour Boutique.
 19256 | Orc:2    | Entered Level 2 of the Orcish Mines
 19317 | Orc:2    | Noticed Snorg
 19324 | Orc:2    | Killed Snorg
 19440 | Orc:2    | Found a roughly hewn altar of Beogh.
 19511 | Orc:2    | Found a staircase to the Elven Halls.
 19631 | Orc:2    | Found a roughly hewn altar of Beogh.
 19683 | Orc:2    | Found a roughly hewn altar of Beogh.
 19710 | Orc:2    | Found a roughly hewn altar of Beogh.
 19763 | Orc:2    | Found a roughly hewn altar of Beogh.
 19767 | Orc:2    | Found Mitto Jubb's Weapon Boutique.
 19774 | Orc:2    | Reached skill level 5 in Polearms
 19832 | Orc:2    | Found a roughly hewn altar of Beogh.
 19837 | Orc:2    | Found Bapub's Jewellery Shop.
 19863 | Orc:2    | Bought the ring of the Final Chapter {rF+ SInv} for 398
                  | gold pieces
 19904 | Orc:2    | Noticed an orc warlord
 19904 | Orc:2    | Gained Gorg as an ally
 19908 | Orc:2    | Killed an orc warlord
 19909 | Orc:2    | Found Tesh's Antique Weapon Shop.
 19910 | Orc:2    | Found a roughly hewn altar of Beogh.
 19910 | Orc:2    | Gained Geork as an ally
 19913 | Orc:2    | Found Qefrapa's Antique Armour Boutique.
 20019 | Orc:2    | Upgraded the game from 0.29-a0-472-ge5599a681e to
                  | 0.29-a0-474-gdfe5cd140f
 20094 | Elf:1    | Entered Level 1 of the Elven Halls
 20095 | Elf:1    | Paralysed by an air elemental for 1 turns
 20103 | Elf:1    | Paralysed by an air elemental for 1 turns
 20112 | Elf:1    | Paralysed by an air elemental for 1 turns
 20120 | Elf:1    | Paralysed by an air elemental for 1 turns
 20779 | D:14     | Found a gate to the Vaults.
 21161 | D:15     | Entered Level 15 of the Dungeon
 21410 | D:15     | Gained Boruk as an ally
 21540 | D:15     | Found a hide-covered altar of Uskayaw.
 21612 | D:15     | Found a staircase to the Depths.
 21729 | D:15     | Found an ancient bone altar of Kikubaaqudgha.
 21784 | D:15     | Reached skill level 10 in Invocations
 21898 | D:15     | Reached skill level 15 in Fighting
 22222 | Orc:1    | Noticed an orc warlord
 22689 | Elf:1    | Noticed Louise
 23718 | Snake:1  | Entered Level 1 of the Snake Pit
 23736 | Snake:1  | Gained Spirok as an ally
 24075 | Snake:1  | Reached XP level 16. HP: 149/149 MP: 23/23
 24126 | Snake:1  | Found a runed translucent gate.
 24127 | Snake:1  | Found a runed translucent gate.
 24131 | Snake:1  | Found a runed translucent gate.
 24131 | Snake:1  | Noticed Bacito's ghost (adept DECj)
 24162 | Snake:1  | Gained Syrus as an ally
 24946 | Snake:2  | Noticed a nagaraja
 24954 | Snake:2  | Killed a nagaraja
 25012 | Snake:2  | Your ally Syrus died
 25093 | Snake:2  | Found a flickering gateway to a bazaar.
 25124 | Bazaar   | Entered a bazaar
 25124 | Bazaar   | Found Debuevyw's Antique Armour Shop.
 25124 | Bazaar   | Found Fosiha Igha's Antique Weapon Shop.
 25167 | Bazaar   | Found Curphyat's General Store.
 25196 | Bazaar   | Bought a pair of glowing gloves for 195 gold pieces
 26014 | Snake:3  | Gained Wulfoc as an ally
 26068 | Snake:3  | Your ally Wulfoc died
 26157 | Snake:3  | Gained Norbak as an ally
 26506 | Snake:3  | Your ally Norbak died
 26875 | Snake:3  | Reached skill level 16 in Fighting
 26942 | Snake:3  | Identified the +0 scale mail of Grace {MP+9}
 26971 | Snake:3  | Noticed a nagaraja
 26986 | Snake:3  | Killed a nagaraja
 27116 | Snake:3  | Noticed a nagaraja
 27130 | Snake:3  | Killed a nagaraja
 27167 | Snake:3  | Reached skill level 15 in Shields
 27272 | Snake:3  | Reached XP level 17. HP: 48/158 MP: 26/26
 27274 | Snake:3  | Reached skill level 15 in Armour
 27784 | Snake:3  | Lost mutation: Your natural rate of healing is unusually
                  | fast. [potion of mutation]
 27784 | Snake:3  | Lost mutation: You passively dampen the noise of your
                  | surroundings. [potion of mutation]
 27784 | Snake:3  | Gained mutation: You possess an exceptional clarity of
                  | mind. [potion of mutation]
 27784 | Snake:3  | Gained mutation: Your muscles are strong. (Str +2) [potion
                  | of mutation]
 27784 | Snake:3  | Lost mutation: Your muscles are strong. (Str +2) [potion of
                  | mutation]
 27784 | Snake:3  | Gained mutation: Your muscles are strong. (Str +2) [potion
                  | of mutation]
 28023 | Snake:4  | Entered Level 4 of the Snake Pit
 28292 | Snake:4  | Found a transporter.
 28330 | Snake:4  | Found a burning altar of Makhleb.
 28439 | Snake:4  | Found a transporter.
 28454 | Snake:4  | Noticed Keedach's ghost (journeyman DsBe)
 28769 | Snake:4  | Gained Bogmar as an ally
 29118 | Snake:4  | Got a serpentine rune of Zot
 29928 | Shoals:1 | Entered Level 1 of the Shoals
 29951 | Shoals:1 | Found Lymu's Antique Armour Emporium.
 30040 | Shoals:1 | Noticed a titan
 30115 | Shoals:1 | Killed a titan
 30308 | Shoals:1 | You fall into a shaft and drop 1 floor!
 30325 | Shoals:2 | Reached skill level 10 in Polearms
 30760 | Shoals:1 | Noticed Aizul
 30771 | Shoals:1 | Killed Aizul
 30772 | Shoals:1 | Reached skill level 17 in Fighting
 31705 | Shoals:2 | Noticed a kraken
 31727 | Shoals:2 | Killed a kraken
 32309 | Shoals:2 | Found a shimmering altar of Xom.
 32314 | Shoals:2 | Noticed a kraken
 32328 | Shoals:2 | Killed a kraken
 32645 | Shoals:3 | Reached XP level 18. HP: 144/170 MP: 28/28
 32734 | Shoals:3 | Identified the +9 dagger "Ukamanou" {drain, rC++}
 32798 | Shoals:3 | Gained Gorg as an ally
 33858 | Shoals:4 | Entered Level 4 of the Shoals
 33927 | Shoals:4 | Gained Marbork as an ally
 34609 | Shoals:4 | Got a barnacled rune of Zot
 35688 | Elf:1    | Gained mutation: You are dopey. (Int -2) [a shining eye]
 35702 | Elf:1    | Killed Louise
 35824 | Elf:1    | Your ally Gorg died
 35836 | Elf:1    | Reached skill level 15 in Invocations
 35836 | Elf:1    | Your ally Bogmar died
 35930 | Elf:1    | Got the Incunabulum of Battle Magic
 36300 | Elf:1    | Paralysed by an air elemental for 1 turns
 36342 | Elf:1    | Paralysed by an air elemental for 1 turns
 36958 | Elf:2    | Paralysed by an air elemental for 1 turns
 36961 | Elf:2    | Reached skill level 18 in Fighting
 37075 | Elf:2    | Found a huge runed translucent gate.
 37075 | Elf:2    | Found a huge runed translucent gate.
 37075 | Elf:2    | Found a huge runed translucent gate.
 37075 | Elf:2    | Found a huge runed translucent gate.
 37079 | Elf:2    | Found a huge runed translucent gate.
 37170 | Elf:2    | Found a frozen archway.
 37189 | IceCv    | Entered an ice cave
 38189 | IceCv    | Reached XP level 19. HP: 179/179 MP: 30/30
 38785 | IceCv    | Identified the +0 pair of gloves of Bodghim {SInv}
 39171 | Elf:2    | Found a radiant altar of Vehumet.
 39224 | Elf:2    | Found Vukunout's Jewellery Shoppe.
 39232 | Elf:2    | Bought a ring of willpower for 350 gold pieces
 39991 | Vaults:1 | Entered Level 1 of the Vaults
 40409 | Vaults:1 | Identified the +8 war axe of Propriety {vorpal, Int+2}
 40627 | Vaults:1 | Your ally Boruk died
 40662 | Vaults:1 | Your ally Geork died
 40667 | Vaults:1 | Your ally Spirok died
 40678 | Vaults:1 | Gained Marbork as an ally
 40690 | Vaults:1 | Your ally Marbork died
 41430 | Vaults:1 | Cast into level 3 of the Abyss (vault warden)
 41585 | Vaults:1 | Escaped the Abyss
 41588 | Vaults:1 | Gained mutation: You are very dopey. (Int -4) [a neqoxec]
 42313 | Vaults:2 | Your ally Gorg died
 42339 | Vaults:2 | Noticed Saint Roka
 42362 | Vaults:2 | Killed Saint Roka
 42362 | Vaults:2 | Gained Ugrim as an ally
 42555 | Vaults:2 | Reached XP level 20. HP: 76/189 MP: 33/33
 42769 | Vaults:2 | Found Futuyty's Antique Weapon Shop.
 42884 | Vaults:2 | Reached skill level 19 in Fighting
 43294 | Vaults:2 | Your ally Ugrim died
 43332 | Vaults:2 | Killed from afar by an ironbound thunderhulk

Illustrated notes

Levels and vault maps discovered:
D:1:      scummos_arrival_simple_fountains, layout_loops_cross, chequers_avenue,
          amcnicky_mini_corridor_feature, minmay_tromino_i4
D:2:      layout_rooms, serial_shops, nicolae_shop_hallway_plus,
          minmay_misc_feat_more_columns
D:3:      layout_basic, dreamdust_ecumenical_altar_statues,
          portal_sewer_entry_d, serial_bayou_lake_a, uniq_terence
D:4:      layout_basic, overflow_temple_1_default, uniq_eustachio
D:5:      layout_basic, minmay_between
D:6:      layout_rooms, temple_fountains, grunt_decor_one_mirror,
          minmay_fractal_squares_diagonal_5, uniq_pikel
D:7:      layout_loops_ring, serial_shops, nicolae_stop_n_shop_1,
          kennysheep_generic_room_16
D:8:      layout_basic, dpeg_lair_monsters
D:9:      layout_rooms, serial_bayou_lagoon_a
D:10:     layout_rooms, mrwooster_statue_mirror, david_defended_altar_orc,
          uniq_erica, uniq_joseph, uniq_grum
D:11:     layout_stronghold, serial_shops, nicolae_square_shop,
          cheibrodos_worm_habitat, uniq_maurice, uniq_lodul
D:12:     layout_irregular_city, orc_0_dummy, muffindrake_ghost_dual_entry,
          uniq_josephine
D:13:     layout_loops_ring
D:14:     layout_stronghold, david_vaults_5, glass_columns_a, okawaru_gym_becter
D:15:     hangedman_depths_entry_civil_slaughter, layout_rooms,
          nicolae_uskayaw_en_pointe, st_stairs_13,
          nicolae_kikubaaqudgha_miasma_corner
Lair:1:   wad_woods_structure_01, layout_regular_city, basic_altar,
          beast_lair_carwin_7, lemuel_fruit_tree
Lair:2:   layout_chaotic_city, minmay_shoals_entry_hut,
          grunt_forest_stairs_basic, st_stairs_11, serial_bayou_pond_c
Lair:3:   layout_chaotic_city, grunt_megastairs_2
Lair:4:   layout_misc_corridors, guppyfry_snake_entry_island,
          nicolae_quartered_pool_medium, chequers_serial_rivers_micro_c
Lair:5:   lemuel_reptile_caves, layout_hall_layers, slime_altar_1
Lair:6:   gammafunk_lair_ancient_temple, layout_gridlike, nicolae_lair_lindhole,
          serial_bayou_shore_a
Shoals:1: cheibrodos_shoals_gigantism, layout_shoals, serial_shops, shop,
          uniq_aizul
Shoals:2: layout_shoals, nicolae_shoals_lost_giant_baths,
          wheals_shoals_ruined_temple
Shoals:3: layout_shoals
Shoals:4: shoals_end_grunt_ice, layout_shoals, nicolae_shoals_elemental_ambush
Snake:1:  layout_onion_interference, gammafunk_ghost_split, grunt_megastairs_3
Snake:2:  layout_grid_maze, special_room, serial_shops, bzr_entry_customers
Snake:3:  kennysheep_snake, layout_cave_town
Snake:4:  johnstein_snake_rune_scales, layout_rooms, gammafunk_ghost_arena,
          basic_altar
Orc:1:    layout_diamond_mine, serial_shops,
          nicolae_shop_competitors_out_of_business
Orc:2:    grunt_orc_community_town_hall, layout_diamond_mine,
          grunt_orc_community_big_house_2, grunt_orc_community_big_house_2,
          grunt_orc_community_house_1, grunt_orc_community_house_3,
          grunt_orc_community_house_1, grunt_orc_community_house_1, uniq_snorg
Elf:1:    nicolae_elf_arrival_aired_out, layout_onion_city, minivault_28,
          nicolae_elf_w_pinch, minmay_elf_annihilation, uniq_louise
Elf:2:    elven_hall_of_blades_hangedman_alternative
          [nicolae_blade_entry_antechamber], layout_onion_city,
          portal_ice_cave_entry_frozen_things, basic_altar, serial_shops, shop
Vaults:1: portal_desolation_entry_nicolae_forbidding_blocks,
          hangedman_vaults_pinch, hangedman_vaults_variations,
          nicolae_vaults_meeting, nicolae_vaults_hallways_thing,
          nicolae_vaults_what_the_h, vaults_room_hallway,
          layout_vaults_maze_bifur
Vaults:2: vaults_room_guarded_vault, nicolae_vaults_little_squares_6,
          vaults_dpeg_ring, vaults_room_grid, nicolae_vaults_asterisk,
          vaults_dpeg_encased_lava, vaults_room_hallway, v_pattern_1,
          grunt_vaults_swirl, layout_vaults_quadrants, serial_shops, shop,
          uniq_saint_roka

Skill      XL: |  1  2  3  4  5  6  7  8  9 10 11 12 13 14 15 16 17 18 19 20 |
---------------+-------------------------------------------------------------+-----
Axes           | 3 4 5 6 7 9 10 12 13 14 | 14.1
Fighting       | 4 5 6 7 8 10 11 12 14 15 16 17 18 19 | 19.0
Shields        | 4 5 6 7 9 10 12 13 14 15 16 17 | 17.5
Armour         | 4 5 6 7 9 10 11 13 14 15 16 17 | 17.5
Short Blades   | 11 | 11.9
Invocations    | 5 8 10 12 13 15 18 | 18.2
Polearms       | 4 7 9 10 11 13 | 13.1

Action                   |  1- 3 |  4- 6 |  7- 9 | 10-12 | 13-15 | 16-18 | 19-21 || total
-------------------------+-------+-------+-------+-------+-------+-------+-------++-------
Melee: War axe           |    87 |   112 |       |   316 |   218 |       |       ||   733
       Short sword       |       |    93 |   333 |   795 |   657 |       |       ||  1878
       Trident           |       |       |       |    78 |   315 |   973 |       ||  1366
       Spear             |       |       |       |       |   451 |    35 |   133 ||   619
       Unarmed           |       |       |       |       |     8 |       |       ||     8
       Demon trident     |       |       |       |       |       |   240 |   485 ||   725
       Dagger            |       |       |       |       |       |   145 |    27 ||   172
 Fire: Hunting sling     |       |       |       |     1 |     2 |    29 |       ||    32
Throw: Dart              |       |     5 |     2 |     5 |     2 |     4 |       ||    18
       Throwing net      |       |       |     1 |     1 |       |       |       ||     2
       Stone             |       |       |       |     1 |       |       |       ||     1
Invok: Convert to Beogh  |       |       |     1 |       |       |       |       ||     1
       Recall Orcish Fol |       |       |       |       |     5 |     9 |     8 ||    22
       Smiting           |       |       |       |       |    19 |    32 |    15 ||    66
       Give Item to Name |       |       |       |       |     5 |     3 |       ||     8
       Stop Recall       |       |       |       |       |     2 |     8 |     6 ||    16
       Resurrection      |       |       |       |       |       |       |     1 ||     1
Evoke: Wand              |       |       |     1 |     1 |    10 |       |       ||    12
  Use: Scroll            |     4 |    12 |     8 |    11 |     5 |     7 |     5 ||    52
       Potion            |       |     6 |     2 |     5 |     5 |     9 |     8 ||    35
 Stab: Distracted        |       |       |       |     3 |     8 |    10 |     4 ||    25
       Confused          |       |       |       |       |     6 |       |     1 ||     7
       Paralysed         |       |       |       |       |     2 |       |       ||     2
Armor: Scale mail        |    16 |       |       |       |       |       |       ||    16
       Plate armour      |    19 |    83 |   193 |   204 |       |       |       ||   499
       Crystal plate arm |       |       |       |   379 |   834 |   672 |   324 ||  2209
Dodge: Dodged            |    31 |    33 |    64 |   111 |   200 |   145 |    61 ||   645
Block: Buckler           |    43 |    66 |   102 |   308 |   576 |   419 |       ||  1514
       Reflection        |     2 |       |       |       |       |       |       ||     2
       Tower shield      |       |       |       |       |       |   215 |   506 ||   721

Table legend: (Time is in decaauts)
 A = Elapsed time spent in this place.
 B = Non-inter-level travel time spent in this place.
 C = Inter-level travel time spent in this place.
 D = Time resting spent in this place.
 E = Time spent auto-exploring this place.
 F = Levels seen in this place.
 G = Mean time per level.
                   A        B        C        D        E       F      G
               +--------+--------+--------+--------+--------+-----+--------+
         Total |  42194 |  38766 |   3428 |   5898 |  21538 |  39 | 1081.9 |
       Dungeon |  14286 |  12765 |   1521 |   1033 |   7992 |  15 |  952.4 |
          Lair |   7162 |   6379 |    783 |    484 |   3670 |   6 | 1193.7 |
        Shoals |   5310 |   5149 |    161 |    885 |   2883 |   4 | 1327.5 |
     Snake Pit |   5539 |   5364 |    175 |   1458 |   2612 |   4 | 1384.8 |
  Orcish Mines |   1961 |   1499 |    462 |    142 |    856 |   2 |  980.5 |
   Elven Halls |   2677 |   2528 |    149 |    552 |   1368 |   2 | 1338.5 |
        Vaults |   2560 |   2385 |    175 |    527 |   1229 |   2 | 1280.0 |
         Abyss |    144 |    144 |      0 |      0 |      0 |   1 |  144.0 |
        Bazaar |     91 |     91 |      0 |      0 |     61 |   1 |   91.0 |
         Sewer |    919 |    919 |      0 |      0 |    553 |   1 |  919.0 |
      Ice Cave |   1540 |   1540 |      0 |    817 |    313 |   1 | 1540.0 |
               +--------+--------+--------+--------+--------+-----+--------+

Top non-repeatable levels by time:
 Snake:3: 2085 daAuts
  Lair:1: 1666 daAuts
    D:14: 1651 daAuts
Vaults:1: 1552 daAuts
   IceCv: 1540 daAuts
  Lair:6: 1513 daAuts
   Elf:1: 1452 daAuts
Shoals:4: 1435 daAuts
   Orc:2: 1425 daAuts
Shoals:1: 1396 daAuts
 Snake:4: 1377 daAuts
     D:3: 1343 daAuts
 Snake:2: 1293 daAuts
Shoals:2: 1256 daAuts
   Elf:2: 1225 daAuts
